 Dungeon Crawl Stone Soup version 0.32-a0-128-g77eb882913 (webtiles) character file.

Game seed: 10919061302162463447

53 zeratav the Trooper (level 3, -1/39 HPs)
             Began as an Oni Warper on Feb 8, 2024.
             Slain by an adder (4 damage)
             ... on level 2 of the Dungeon.
             The game lasted 00:01:58 (970 turns).

zeratav the Trooper (Oni Warper)                     Turns: 970, Time: 00:01:58

Health: -1/39      AC:  3    Str: 17    XL:     3   Next: 89%
Magic:  6/6        EV:  9    Int: 14    God:
Gold:   43         SH:  4    Dex:  8    Spells: 4/6 levels left

rFire   . . .        a - +0 mace {mace}
rCold   . . .        (no shield)
rNeg    . . .        b - +0 robe
rPois   .            (helmet restricted)
rElec   .            (no cloak)
rCorr   .            (gloves unavailable)
SInv    .            (boots unavailable)
Will    .....        (no amulet)
Stlth   +            (no ring)
HPRegen 0.26/turn    (no ring)
MPRegen 0.10/turn

%: no passive effects
@: lethally poisoned (-1 -> -9)
A: large, unfitting armour, horns 1, tough skin 1, double potion healing,
drunken brawling, large bone plates 1, sturdy frame 1
a: no special abilities


You were on level 2 of the Dungeon.
You visited 1 branch of the dungeon, and saw 2 of its levels.

You collected 43 gold pieces.


Innate Abilities, Weirdness & Mutations

You are too large for most types of armour.
You have a pair of small horns on your head.
You have tough skin. (AC +1)
You gain doubled healing and magic from potions.
Whenever you drink a healing potion, you attack all around you.
You are partially covered in large bone plates. (SH +4)
Your movements are slightly less encumbered by armour. (ER -2)


   Skills:
 + Level 4.3 Fighting
 + Level 3.1 Maces & Flails
 - Level 1.0 Throwing
 - Level 2.1 Dodging
 - Level 2.4 Spellcasting
 - Level 2.6 Translocations


You had 4 spell levels left.
You knew the following spells:

 Your Spells              Type           Power      Damage    Failure   Level
a - Blink                 Tloc           18%        N/A       12%         2

Your spell library contained the following spells:

 Spells                   Type           Power      Damage    Failure   Level
 Lesser Beckoning         Tloc           18%        N/A       12%         2
 Teleport Other           Tloc           9%         N/A       22%         3
 Frozen Ramparts          Ice            2%         1d1       56%         3
 Manifold Assault         Tloc           9%         N/A       58%         4
 Vhi's Electric Charge    Tloc/Air       10%        N/A       78%         4
 Brom's Barrelling Bould  Conj/Erth      1%         2d3       92%         4
 Leda's Liquefaction      Alch/Erth      0%         N/A       92%         4
 Petrify                  Alch/Erth      1%         N/A       92%         4
 Fireball                 Conj/Fire      0%         3d3       99%         5
 Iskenderun's Battlesphe  Conj           1%         2d6       99%         5
 Metabolic Englaciation   Hex/Ice        0%         N/A       99%         5
 Conjure Ball Lightning   Conj/Air       0%         3x3d6     100%        6
 Orb of Destruction       Conj           0%         9d5       100%        7

Inventory:

Hand Weapons
 a - a +0 mace (weapon) {mace}
Missiles
 d - 7 darts of dispersal (quivered) {=fthrowing}
Armour
 b - a +0 robe (worn)
Scrolls
 c - a scroll of blinking {!r}
 e - a scroll of enchant weapon {unknown}
 f - a scroll of identify {unknown}
 g - a scroll of fog {unknown}
 j - a scroll of revelation {unknown}
Potions
 i - a potion of enlightenment {unknown}

Dungeon Overview and Level Annotations

Branches:
Dungeon (2/15) Zot: 11012

Altars:

Shops:
D:1

[ .#...........
............
...........#
...........#
...........# .
...........## ..
.......S....###...
......$@..#.......
..................
..................
........).<#.#.
.............#
#........)†###
..........##
#.......[.#
#.###..#.$#


You could see an adder.


Message History

You are poisoned.
The adder poisons you!
HP[-2]
You take 2 damage, and now have 37/39 hp.
You hit the adder. Your headbutt misses the adder.
You feel sick. The adder bites you but does no damage.
The adder barely misses you.
HP[-1]
You take 1 damage, and now have 36/39 hp.
You closely miss the adder. You headbutt the adder.
You kill the adder!
You feel sick.
You are no longer poisoned.
HP[-2]
You take 2 damage, and now have 34/39 hp.
You start resting.
You feel yourself speed up.
HP[+2]
You regained 2 hp, and now have 36/39 hp.
You start resting.
HP[+3]
Your hp is fully restored (39).
An adder comes into view.
Things that are here:
a +0 whip {mace}; a kobold corpse An adder is nearby!
An adder is nearby!
An adder is nearby!
The adder barely misses you.
You hit the adder but do no damage. The adder completely misses you.
You hit the adder. The adder closely misses you.
The adder bites you but does no damage.
You closely miss the adder. Your headbutt misses the adder.
The adder bites you. The adder bites you but does no damage.
HP[-1]
You take 1 damage, and now have 38/39 hp.
You closely miss the adder. You headbutt the adder. The adder bites you.
HP[-3]
You take 3 damage, and now have 35/39 hp.
You hit the adder but do no damage. The adder bites you.
You are poisoned.
The adder poisons you! The adder completely misses you.
HP[-2]
You take 2 damage, and now have 33/39 hp.
You hit the adder. Your headbutt misses the adder.
You feel sick. The adder bites you.
You are more poisoned.
The adder poisons you!
HP[-2]
You take 2 damage, and now have 31/39 hp.
You closely miss the adder. Your headbutt misses the adder.
You feel sick. The adder bites you. x2
You are more poisoned.
The adder poisons you!
HP[-5]
You take 5 damage, and now have 26/39 hp.
You barely miss the adder. Your headbutt misses the adder.
You feel very sick. The adder bites you but does no damage.
HP[-4]
You take 4 damage, and now have 22/39 hp.
You barely miss the adder. Your headbutt misses the adder.
You feel very sick. The adder bites you but does no damage.
The adder bites you.
* * * LOW HITPOINT WARNING * * *
HP[-3]
You take 3 damage, and now have 19/39 hp.
You miss the adder.
You feel sick. The adder completely misses you. The adder barely misses you.
HP[-2]
You take 2 damage, and now have 17/39 hp.
You hit the adder but do no damage.
You headbutt the adder, but do no damage.
You feel sick. The adder bites you but does no damage.
HP[-2]
You take 2 damage, and now have 15/39 hp.
You closely miss the adder.
You feel sick. The adder bites you.
* * * LOW HITPOINT WARNING * * *
You are more poisoned.
The adder poisons you! The adder bites you but does no damage.
HP[-3]
You take 3 damage, and now have 12/39 hp.
You closely miss the adder.
* * * LOW HITPOINT WARNING * * *
You feel very sick. The adder bites you but does no damage.
HP[-3]
You take 3 damage, and now have 9/39 hp.
You closely miss the adder.
You feel sick. The adder bites you but does no damage. The adder bites you.
* * * LOW HITPOINT WARNING * * *
You are more poisoned.
The adder poisons you!
HP[-5]
You take 5 damage, and now have 4/39 hp.
It was a potion of mutation.
You feel extremely strange.
Large bone plates grow over parts of your arms.
You feel less encumbered by your armour.
* * * LOW HITPOINT WARNING * * *
You feel sick. The adder bites you.
You die...

Skill      XL: |  1  2 |
---------------+-------+-----
Fighting       | 3 4 |  4.3
Maces & Flails | 3 |  3.1
Throwing       | |  1.0
Dodging        | |  2.1
Spellcasting   | |  2.4
Translocations | |  2.6

Action                     || total
---------------------------++-------
  Melee: Mace              ||    45
         Headbutt          ||     7
    Use: Potion            ||     1
 Armour: Robe              ||    32
  Dodge: Dodged            ||    21

Levels and vault maps discovered:
D:1:      kilobyte_arrival_exit_the_forest, layout_basic, serial_shops,
          nicolae_shop_tiny_real_fake_doors, shapermc_ecumenical_altar_ellora
D:2:      layout_rooms, serial_shops, nicolae_shop_pleasant_corner_grove,
          uniq_jessica

Notes
Turn   | Place    | Note
-------+----------+-------------------------------------------
     0 | D:1      | zeratav the Oni Warper began the quest for the Orb.
     0 | D:1      | Reached XP level 1. HP: 22/22 MP: 3/3
     0 | D:1      | magus.rc [v1.9.6]
   128 | D:1      | You pick up a book of the Spheres and begin reading...
   128 | D:1      | You add the spells Brom's Barrelling Boulder, Iskenderun's
                  | Battlesphere, Fireball, Conjure Ball Lightning and Orb of
                  | Destruction to your library.
   212 | D:1      | Reached skill level 3 in Fighting
   216 | D:1      | Found a faded altar of an unknown god.
   273 | D:1      | Reached XP level 2. HP: 31/31 MP: 5/5
   313 | D:1      | Learned a level 2 spell: Blink
   387 | D:1      | You pick up a book of Sloth and begin reading...
   387 | D:1      | You add the spells Frozen Ramparts, Leda's Liquefaction,
                  | Petrify and Metabolic Englaciation to your library.
   627 | D:1      | Found Lavven's Armour Shoppe.
   924 | D:2      | Noticed Jessica
   934 | D:2      | Killed Jessica
   935 | D:2      | Reached skill level 4 in Fighting
   935 | D:2      | Reached skill level 3 in Maces & Flails
   935 | D:2      | Reached XP level 3. HP: 39/39 MP: 6/6
   968 | D:2      | HP: 9/39 [poisoned by an adder]
   969 | D:2      | HP: 4/39 [adder (3)]
   970 | D:2      | Gained mutation: You are partially covered in large bone
                  | plates. (SH +4) [potion of mutation]
   970 | D:2      | Gained mutation: Your movements are slightly less
                  | encumbered by armour. (ER -2) [potion of mutation]
   970 | D:2      | Slain by an adder

Vanquished Creatures
  Jessica (D:2)
  An adder (D:2)
  3 endoplasms
  2 giant cockroaches (D:1)
  3 goblins (D:1)
  A hobgoblin (D:1)
  2 quokkas (D:1)
  2 ball pythons (D:1)
  A kobold (D:2)
  2 rats (D:1)
18 creatures vanquished.

Table legend:
 A = Non-vault XP
 B = Vault XP
 C = Vault XP percentage of total XP
 D = Non-vault monster count
 E = Vault monster count
 F = Vault count percentage of total count
                 A         B        C        D         E       F
            +---------+---------+-------+---------+---------+-------
      Total |      40 |      37 |  48.1 |      17 |       1 |   5.6
            +---------+---------+-------+---------+---------+-------
        D:1 |      24 |       0 |   0.0 |      14 |       0 |   0.0
        D:2 |      16 |      37 |  69.8 |       3 |       1 |  25.0
            +---------+---------+-------+---------+---------+-------

Skill      XL: |  1  2 |
---------------+-------+-----
Fighting       | 3 4 |  4.3
Maces & Flails | 3 |  3.1
Throwing       | |  1.0
Dodging        | |  2.1
Spellcasting   | |  2.4
Translocations | |  2.6

Action                     || total
---------------------------++-------
  Melee: Mace              ||    45
         Headbutt          ||     7
    Use: Potion            ||     1
 Armour: Robe              ||    32
  Dodge: Dodged            ||    21

Illustrated notes

Table legend:
 A = Kills in this place as a percentage of kills in the entire game.
 B = Kills by you in this place as a percentage of kills by you in the entire game.
 C = Kills by friends in this place as a percentage of kills by friends in the entire game.
 D = Other kills in this place as a percentage of other kills in the entire game.
 E = Experience gained in this place as a percentage of experience gained in the entire game.
 F = Experience gained in this place divided by the number of levels of this place that you have seen.
                   A       B       C       D       E      F
               +-------+-------+-------+-------+-------+----------------------
         Total | 100.0 | 100.0 |   N/A |   N/A | 100.0 |  38.5
       Dungeon | 100.0 | 100.0 |   N/A |   N/A | 100.0 |  38.5
               +-------+-------+-------+-------+-------+----------------------

Table legend: (Time is in decaauts)
 A = Elapsed time spent in this place.
 B = Non-inter-level travel time spent in this place.
 C = Inter-level travel time spent in this place.
 D = Time resting spent in this place.
 E = Time spent auto-exploring this place.
 F = Levels seen in this place.
 G = Mean time per level.
                   A        B        C        D        E       F      G
               +--------+--------+--------+--------+--------+-----+--------+
         Total |    986 |    953 |     33 |     16 |    816 |   2 |  493.0 |
       Dungeon |    986 |    953 |     33 |     16 |    816 |   2 |  493.0 |
               +--------+--------+--------+--------+--------+-----+--------+

Top non-repeatable levels by time:
     D:1: 930 daAuts
     D:2: 56 daAuts
